 Seeded DCSS version 0.28-a0-998-gb9e9c7b67e (webtiles) character file.

Game seed: 12130800008223909736 (custom seed)

12259 croobank the Chopper (level 11, 0/62 HPs)
             Began as a Gargoyle Fighter on Dec 5, 2021.
             Was an Elder of Vehumet.
             Slain by a boulder beetle (20 damage)
             ... on level 11 of the Dungeon.
             The game lasted 00:48:04 (7013 turns).

croobank the Chopper (Gargoyle Fighter)             Turns: 7013, Time: 00:48:04

Health: 0/62       AC: 33    Str: 20    XL:     11   Next: 90%
Magic:  16/16      EV:  8    Int: 11    God:    Vehumet [****..]
Gold:   66         SH:  4    Dex:  9    Spells: 17/17 levels left

rFire   + . .      SeeInvis .   G - +8 war axe of Uxzaprie {spect, rPois rN++ Dex-2}
rCold   x . .      Faith    .   c - +0 buckler
rNeg    + + +      Spirit   .   v - +3 chain mail
rPois   ∞          Reflect  .   (no helmet)
rElec   +          Harm     .   s - +0 cloak
rCorr   .          Rampage  .   U - +2 pair of gloves
Will    .....                   (no boots)
Stlth   ..........              f - amulet of regeneration
HPRegen 1.00/turn               l - ring of fire
MPRegen 0.15/turn               E - ring of the Tortoise {AC+8}

@: no status effects
A: sickness immunity, AC +8, negative energy resistance 1, electricity
resistance, torment resistance 1, petrification resistance
a: Renounce Religion


You were on level 11 of the Dungeon.
You worshipped Vehumet.
Vehumet was greatly pleased with you.
You visited 2 branches of the dungeon, and saw 12 of its levels.

You collected 2467 gold pieces.
You spent 2401 gold pieces at shops.

Inventory:

Hand Weapons
 b - a +0 vorpal hunting sling
 x - a +1 short sword of speed
 F - a +1 scythe of protection
 G - the +8 war axe of Uxzaprie (weapon) {spect, rPois rN++ Dex-2}
   (You bought it in a shop on level 6 of the Dungeon)

   When its wielder attacks, the weapon's spirit leaps out and strikes again.
   The spirit shares a part of any damage it takes with its wielder.
   Dex:       It affects your dexterity (-2).
   rPois:     It protects you from poison.
   rN:        It greatly protects you from negative energy.
 H - a +0 shortbow
 L - a +5 short sword
 N - a +2 long sword of flaming
 X - a +0 fustibalus
Missiles
 e - 10 poisoned darts (quivered)
 g - 2 atropa-tipped darts
 j - 164 arrows
 m - 155 stones
 r - 49 sling bullets
 w - 3 boomerangs
 y - 5 curare-tipped darts
 A - a throwing net
 C - 99 bolts
Armour
 c - a +0 buckler (worn)
 s - a +0 cloak (worn)
 v - a +3 chain mail (worn)
 U - a +2 pair of gloves (worn)
Jewellery
 f - an amulet of regeneration (around neck)
 l - a ring of fire (left hand)
 u - an amulet of faith
 E - the ring of the Tortoise (right hand) {AC+8}
   (You bought it in a shop on level 6 of the Dungeon)

   [ring of protection]

   AC:        It affects your AC (+8).
Wands
 D - a wand of iceblast (10)
 M - a wand of paralysis (16)
 Q - a wand of polymorph (9)
 R - a wand of mindburst (7)
Scrolls
 a - 2 scrolls of holy word
 h - 9 scrolls of identify
 k - 2 scrolls of acquirement
 n - a scroll of fear {fear, unknown}
 p - a scroll of summoning {summoning, unknown}
 q - 3 scrolls of immolation {immolation, unknown}
 z - 3 scrolls of teleportation {teleportation, unknown}
 B - 2 scrolls of fog {fog, unknown}
 J - a scroll of silence {silence, unknown}
 S - a scroll of vulnerability {unknown}
 W - a scroll of magic mapping {magic mapping, unknown}
Potions
 d - 3 potions of might
 i - 2 potions of flight {flight, unknown}
 o - 2 potions of berserk rage {berzerk rage, unknown}
 t - 4 potions of heal wounds {heal wounds, unknown}
 I - 3 potions of mutation {mutation, unknown}
 K - a potion of magic {magic, unknown}
 O - 2 potions of curing {curing, unknown}
 P - a potion of brilliance {brilliance, unknown}
 T - 3 potions of lignification {lignification, unknown}
 V - a potion of cancellation {cancellation, unknown}
 Y - a potion of haste {blinking, unknown}


   Skills:
 - Level 4.9 Fighting
 - Level 5.9 Axes
 - Level 1.2 Slings
 - Level 5.4 Armour
 - Level 1.3 Dodging
 + Level 5.1 Stealth
 - Level 4.7 Shields
 + Level 3.6 Spellcasting
 + Level 4.9 Conjurations
 + Level 3.8 Hexes
 + Level 3.7 Summonings
 + Level 3.3 Necromancy
 + Level 3.6 Translocations
 + Level 4.0 Transmutations
 + Level 4.1 Fire Magic
 + Level 4.1 Ice Magic
 + Level 3.2 Air Magic
 + Level 5.3 Earth Magic
 + Level 4.0 Poison Magic
 + Level 5.2 Invocations
 + Level 3.8 Evocations


You had 17 spell levels left.
You didn't know any spells.
Your spell library contained the following spells:

 Spells                   Type           Power      Damage    Failure   Level
 Mephitic Cloud           Conj/Pois/Air  11%        N/A       30%         3
 Poisonous Vapours        Pois/Air       20%        N/A       19%         2
 Summon Small Mammal      Summ           40%        N/A       43%         1
 Apportation              Tloc           20%        N/A       45%         1
 Animate Skeleton         Necr           18%        N/A       50%         1
 Corpse Rot               Necr/Air       18%        N/A       65%         2
 Iskenderun's Battlesphe  Conj           12%        2d7       87%         5
 Fireball                 Conj/Fire      9%         3d6       90%         5
 Petrify                  Tmut/Erth      12%        N/A       97%         4
 Alistair's Intoxication  Tmut/Pois      6%         N/A       100%        5
 Metabolic Englaciation   Hex/Ice        5%         N/A       100%        5
 Conjure Ball Lightning   Conj/Air       5%         3x3d6     100%        6
 Orb of Destruction       Conj           6%         9d3       100%        7
 Statue Form              Tmut/Erth      Unusable   N/A       N/A         6

Dungeon Overview and Level Annotations

Branches:
Dungeon (11/15)            Temple (1/1) D:4            Lair (0/6) D:10
    Orc: D:9-12

Altars:
Cheibriados
Dithmenos
Elyvilon
Fedhas
Kikubaaqudgha
Okawaru
Ru
Sif Muna
Trog
Uskayaw
Vehumet
Xom
Yredelemnul
Zin

Shops:
D:6 =*[(   D:7 **(   D:9 *


Innate Abilities, Weirdness & Mutations

You are immune to sickness and miasma.
Your stone body is resilient. (AC +8)
You are immune to poison.
You resist negative energy. (rN+)
You are resistant to electric shocks. (rElec)
You are resistant to unholy torment.
You are immune to petrification.


Message History

The centaur warrior zombie is moderately damaged.
Your +8 war axe of Uxzaprie {spect, rPois rN++ Dex-2} hits the centaur warrior zombie!
The centaur warrior zombie hits you but does no damage.
You block the centaur warrior zombie's attack.
You slash the centaur warrior zombie!
The centaur warrior zombie is heavily damaged.
Your +8 war axe of Uxzaprie {spect, rPois rN++ Dex-2} hits the centaur warrior zombie!
The centaur warrior zombie hits you but does no damage.
The centaur warrior zombie kicks you but does no damage.
The centaur warrior zombie hits you but does no damage.
The centaur warrior zombie barely misses you.
You slash the centaur warrior zombie!
The centaur warrior zombie is almost destroyed.
Your +8 war axe of Uxzaprie {spect, rPois rN++ Dex-2} hits the centaur warrior zombie!
The centaur warrior zombie hits you but does no damage.
The centaur warrior zombie barely misses you.
The centaur warrior zombie hits you but does no damage.
The centaur warrior zombie closely misses you.
You barely miss the centaur warrior zombie.
The centaur warrior zombie is almost destroyed.
Your +8 war axe of Uxzaprie {spect, rPois rN++ Dex-2} hits the centaur warrior zombie!
You destroy the centaur warrior zombie!
Vehumet accepts your kill.
h - 9 scrolls of identify (gained 1)
Y - a puce potion
T - 3 smoky cyan potions {lignification} (gained 1)
Okay, then.
Unknown command.
A boulder beetle comes into view.
The boulder beetle curls into a ball and begins rolling!
The boulder beetle hits you!!!
Ouch! That really hurt!
The boulder beetle stops rolling and uncurls.
You slash the boulder beetle!
The boulder beetle is lightly wounded.
Your +8 war axe of Uxzaprie {spect, rPois rN++ Dex-2} completely misses the boulder beetle.
The boulder beetle bites you!!
You die...

...#####..........
...# #...####...#
...#####...# #...#
...........# #...#
.## ...........#
#...######....
...........#
#.............
...........#
#.......°.....
..........#
#....####○....
.......^..# #.@B.#
B## ..........#
#..(.#
..........####....#
..................#
###################


You could see a boulder beetle and a friendly +8 war axe of Uxzaprie {spect,
rPois rN++ Dex-2} (summoned).

Vanquished Creatures
  Pikel (D:8)
  Joseph (D:10)
  Maggie (D:7)
  A komodo dragon (D:10)
  2 trolls
  Sigmund (D:5)
  24 yaks
  Eustachio (D:6)
  2 wyverns (D:10)
  4 vampire mosquitoes (D:10)
  4 steam dragons
  Pargi (D:3)
  A water moccasin (D:10)
  An ice beast (D:7)
  An orc warrior (D:9)
  4 sky beasts
  5 black bears
  A necrophage (D:6)
  2 centaurs
  4 bullfrogs
  A wyvern zombie (D:8)
  A gnoll sergeant (D:7)
  3 wights (D:7)
  A howler monkey (D:9)
  2 centaur zombies
  4 hounds
  2 jellies (D:6)
  A bullfrog skeleton (D:6)
  7 orc priests
  3 gnoll shamans
  Jessica (D:3)
  An iguana (D:6)
  8 orc wizards
  A hound zombie (D:5)
  A howler monkey zombie (D:9)
  A howler monkey skeleton (D:7)
  29 gnolls
  4 adders
  A shadow imp (D:5)
  A white imp (D:6)
  An ufetubus (D:5)
  An adder zombie (D:5)
  2 worms
  4 dart slugs
  19 orcs
  3 endoplasms (D:1)
  2 giant cockroaches
  4 goblins
  5 hobgoblins
  3 quokkas
  2 ball pythons (D:2)
  3 bats
  2 frilled lizards
  4 kobolds
  3 rats
193 creatures vanquished.

Vanquished Creatures (others)
  34 fungi (D:10)
  32 plants
66 creatures vanquished.

Grand Total: 259 creatures vanquished

Notes
Turn   | Place    | Note
-------+----------+-------------------------------------------
     0 | D:1      | croobank the Gargoyle Fighter began the quest for the Orb.
     0 | D:1      | Reached XP level 1. HP: 14/14 MP: 1/1
   319 | D:1      | Reached XP level 2. HP: 19/19 MP: 2/2
   935 | D:2      | Reached XP level 3. HP: 23/23 MP: 3/3
  1856 | D:3      | Noticed Jessica
  1864 | D:3      | Killed Jessica
  1865 | D:3      | Reached XP level 4. HP: 29/29 MP: 4/4
  2126 | D:3      | Noticed Pargi
  2140 | D:3      | Killed Pargi
  2141 | D:3      | Reached XP level 5. HP: 33/33 MP: 5/5
  2599 | D:4      | Found a white marble altar of Elyvilon.
  2773 | D:4      | Noticed a black bear
  2781 | D:4      | Killed a black bear
  2782 | D:4      | Reached XP level 6. HP: 35/38 MP: 6/6
  2836 | D:4      | Found a staircase to the Ecumenical Temple.
  2842 | Temple   | Entered the Ecumenical Temple
  2881 | Temple   | Became a worshipper of Vehumet
  3323 | D:5      | Entered Level 5 of the Dungeon
  3386 | D:5      | Noticed a sky beast
  3408 | D:5      | Killed a sky beast
  3417 | D:5      | Reached XP level 7. HP: 43/43 MP: 7/7
  3417 | D:5      | Identified 4 scrolls of acquirement
  3417 | D:5      | Acquired 1055 gold pieces
  3441 | D:5      | Reached skill level 1 in Slings
  3635 | D:5      | Noticed Sigmund
  3655 | D:5      | Killed Sigmund
  3656 | D:5      | Reached skill level 5 in Axes
  3656 | D:5      | Reached skill level 5 in Armour
  3811 | D:6      | Found Ygyota's Weapon Shop.
  3823 | D:6      | Bought the +8 war axe of Uxzaprie {spect, rPois rN++ Dex-2}
                  | for 993 gold pieces
  3837 | D:6      | Found Hicsephi's Antique Armour Boutique.
  3848 | D:6      | Reached skill level 1 in Dodging
  3884 | D:6      | Found Leclugu's Jewellery Shop.
  3897 | D:6      | Acquired 815 gold pieces
  3965 | D:6      | Reached XP level 8. HP: 48/48 MP: 8/8
  4020 | D:6      | Reached * piety under Vehumet
  4020 | D:6      | Offered knowledge of Shock by Vehumet.
  4030 | D:6      | Found Wetiomp's General Store.
  4035 | D:6      | Reached skill level 1 in Earth Magic
  4036 | D:6      | Noticed Eustachio
  4042 | D:6      | Killed Eustachio
  4043 | D:6      | Reached skill level 1 in Stealth
  4043 | D:6      | Reached skill level 1 in Poison Magic
  4053 | D:6      | Reached skill level 1 in Invocations
  4253 | D:6      | Reached skill level 1 in Ice Magic
  4358 | D:7      | Reached skill level 1 in Conjurations
  4358 | D:7      | Reached skill level 1 in Fire Magic
  4359 | D:7      | Reached skill level 1 in Evocations
  4437 | D:7      | Found Mijiuple's Assorted Antiques.
  4442 | D:7      | Reached skill level 1 in Spellcasting
  4442 | D:7      | Reached skill level 1 in Hexes
  4442 | D:7      | Reached skill level 1 in Summonings
  4442 | D:7      | Reached skill level 1 in Necromancy
  4442 | D:7      | Reached skill level 1 in Translocations
  4442 | D:7      | Reached skill level 1 in Transmutations
  4442 | D:7      | Reached XP level 9. HP: 53/53 MP: 10/10
  4476 | D:7      | Reached skill level 1 in Air Magic
  4501 | D:7      | Reached XP level 10. HP: 58/58 MP: 10/14
  4551 | D:7      | Noticed Maggie
  4571 | D:7      | Killed Maggie
  4640 | D:7      | Offered knowledge of Searing Ray by Vehumet.
  4663 | D:7      | Reached ** piety under Vehumet
  4678 | D:7      | Found Hobu's Weapon Emporium.
  4716 | D:7      | Found Sostroc's General Store.
  5218 | D:8      | Found a shimmering blue altar of Sif Muna.
  5251 | D:8      | Noticed Pikel
  5258 | D:8      | Killed Pikel
  5333 | D:8      | Reached XP level 11. HP: 60/62 MP: 15/15
  5351 | D:8      | Found a sacrificial altar of Ru.
  5417 | D:8      | Offered knowledge of Ignite Poison by Vehumet.
  5708 | D:9      | Reached *** piety under Vehumet
  5987 | D:9      | Found Yqudeimu's Neck Hole.
  6201 | D:6      | Bought the ring of the Tortoise {AC+8} for 1408 gold pieces
  6201 | D:6      | Found the ring of the Tortoise {AC+8}
  6259 | D:10     | Entered Level 10 of the Dungeon
  6310 | D:10     | Reached skill level 5 in Invocations
  6327 | D:10     | Found a staircase to the Lair.
  6347 | D:10     | Reached skill level 5 in Earth Magic
  6465 | D:10     | Offered knowledge of Mephitic Cloud by Vehumet.
  6517 | D:10     | Noticed Joseph
  6526 | D:10     | Killed Joseph
  6577 | D:10     | Reached skill level 5 in Stealth
  6646 | D:10     | Found a basalt altar of Yredelemnul.
  6927 | D:11     | Reached **** piety under Vehumet
  7007 | D:11     | Noticed a boulder beetle
  7013 | D:11     | Slain by a boulder beetle

Illustrated notes

Levels and vault maps discovered:
D:1:      minmay_arrival_checkered_box, layout_basic, minmay_pentomino_q2
D:2:      layout_loops_cross
D:3:      layout_loops_corners, serial_bayou, serial_bayou_pond_c,
          serial_bayou_lagoon_b, serial_bayou_pond_c, serial_bayou_pond_e,
          uniq_pargi, uniq_jessica
D:4:      layout_basic, marbit_many_paths, minmay_temple_entry_enclosed_plants,
          hex_intersection
D:5:      layout_rooms, uniq_sigmund
D:6:      layout_rooms, serial_shops, shop, nicolae_diamond_shop,
          nicolae_shop_advertising_works [nicolae_subvault_shop_adworks], shop,
          chequers_serial_rivers_micro_a, uniq_eustachio
D:7:      layout_cave_pools, serial_gnoll_camp, gnoll_camp_mini_shop,
          gnoll_camp_mini_loothouse, gnoll_camp_mini_sergeant,
          gnoll_camp_mini_shop, serial_shops, kennysheep_little_box, uniq_maggie
D:8:      layout_basic, lemuel_round_altar, mainiacjoe_overflow_catwalk,
          uniq_pikel
D:9:      layout_cave_pools, nicolae_shop_sticking_my_neck_out
D:10:     layout_roguey, general_overflow_altar, due_lair_maze_entry_diamond,
          uniq_joseph
D:11:     minmay_quarter_circles, layout_small_grid, zombieorc2_lemuel,
          bh_hangedman_babel_library
Temple:   mainiacjoe_temple_coin_purse

Skill      XL: |  1  2  3  4  5  6  7  8  9 10 11 |
---------------+----------------------------------+-----
Axes           | 2 3 4 5 |  5.9
Shields        | 4 |  4.7
Armour         | 4 5 |  5.4
Fighting       | 4 |  4.9
Slings         | 1 |  1.2
Dodging        | 1 |  1.3
Earth Magic    | 2 4 5 |  5.3
Stealth        | 1 3 4 5 |  5.1
Poison Magic   | 1 3 4 |  4.0
Invocations    | 1 4 5 |  5.2
Ice Magic      | 1 3 4 |  4.1
Conjurations   | 1 3 4 |  4.9
Fire Magic     | 1 3 4 |  4.1
Evocations     | 1 2 3 |  3.8
Spellcasting   | 1 2 3 |  3.6
Hexes          | 1 2 3 |  3.8
Summonings     | 1 2 3 |  3.7
Necromancy     | 1 2 3 |  3.3
Translocations | 1 2 3 |  3.6
Transmutations | 1 3 4 |  4.0
Air Magic      | 2 3 |  3.2

Action                   |  1- 3 |  4- 6 |  7- 9 | 10-12 || total
-------------------------+-------+-------+-------+-------++-------
Melee: War axe           |   109 |    71 |   124 |   203 ||   507
 Fire: Hunting sling     |       |     5 |       |       ||     5
Evoke: Wand              |       |       |     1 |       ||     1
  Use: Scroll            |     4 |     2 |     3 |     2 ||    11
       Potion            |       |       |     1 |       ||     1
Armor: Scale mail        |    44 |       |       |       ||    44
       Chain mail        |    14 |    68 |    95 |   165 ||   342
Dodge: Dodged            |    56 |    31 |    53 |    80 ||   220
Block: Buckler           |    27 |    16 |    28 |    44 ||   115

Table legend: (Time is in decaauts)
 A = Elapsed time spent in this place.
 B = Non-inter-level travel time spent in this place.
 C = Inter-level travel time spent in this place.
 D = Time resting spent in this place.
 E = Time spent auto-exploring this place.
 F = Levels seen in this place.
 G = Mean time per level.
                   A        B        C        D        E       F      G
               +--------+--------+--------+--------+--------+-----+--------+
         Total |   7177 |   6780 |    397 |    193 |   4758 |  12 |  598.1 |
       Dungeon |   7124 |   6740 |    384 |    193 |   4734 |  11 |  647.6 |
        Temple |     52 |     39 |     13 |      0 |     24 |   1 |   52.0 |
               +--------+--------+--------+--------+--------+-----+--------+

Top non-repeatable levels by time:
     D:3: 941 daAuts
     D:1: 922 daAuts
     D:2: 768 daAuts
     D:4: 719 daAuts
     D:8: 680 daAuts
    D:10: 668 daAuts
     D:7: 660 daAuts
     D:6: 576 daAuts
     D:9: 565 daAuts
     D:5: 517 daAuts
    D:11: 103 daAuts
  Temple: 52 daAuts
